 Dungeon Crawl Stone Soup version 0.17-a0-746-g953d9fb (webtiles) character file.

1474 EvilTwin the Destroyer (level 8, -12/42 HPs)
             Began as a Deep Elf Conjurer on Apr 22, 2015.
             Was a Believer of Vehumet.
             Mangled by an orc warrior
             ... wielding a +2 halberd of freezing
              (20 damage)
             ... on level 6 of the Dungeon.
             The game lasted 00:29:57 (6180 turns).

EvilTwin the Destroyer (Deep Elf Conjurer)          Turns: 6180, Time: 00:29:58

Health: -12/42     AC:  5    Str:  5    XL:     8   Next: 49%
Magic:  11/22      EV: 14    Int: 23    God:    Vehumet [**....]
Gold:   191        SH:  0    Dex: 15    Spells: 4 memorised, 18 levels left

rFire  . . .     SeeInvis .     m - +1 dagger (freeze)
rCold  . . .     Clarity  .     a - +1 robe
rNeg   . . .     SustAb   .     (no shield)
rPois  +         Gourm    .     (no helmet)
rElec  .         Spirit   .     j - +1 cloak
rCorr  .         Warding  .     (no gloves)
rMut   .         Stasis   .     (no boots)
MR     .....                    (no amulet)
Stlth  ++........               y - ring of loudness (curse)
                                i - ring of poison resistance

@: not resistant to hostile enchantments, unstealthy
A: no striking features
a: Renounce Religion


You were on level 6 of the Dungeon.
You worshipped Vehumet.
Vehumet was pleased with you.
You were not hungry.

You visited 2 branches of the dungeon, and saw 7 of its levels.
You also visited: Ossuary.

You collected 191 gold pieces.

Inventory:

Hand weapons
 m - a +1 dagger of freezing (weapon)
Armour
 a - a +1 robe (worn)
 j - a +1 cloak (worn)
Jewellery
 i - a ring of poison resistance (left hand)
 n - an uncursed ring of protection from cold
 o - a cursed ring of flight
 u - an uncursed ring of protection from magic
 v - an uncursed ring of protection from cold
 y - a cursed ring of loudness (right hand)
 J - a +3 ring of dexterity {unknown}
Magical devices
 q - a wand of flame (26)
Scrolls
 g - a scroll of fog
 l - a scroll of recharging
 t - a scroll of identify
 w - a scroll of fear
 z - a scroll of teleportation
 C - a scroll of magic mapping
Potions
 d - 4 potions of might
 e - 4 potions of flight {unknown}
 h - 2 potions of agility {unknown}
 k - 2 potions of haste {unknown}
 p - a potion of poison {unknown}
 s - a potion of lignification {unknown}
 x - 2 potions of curing {unknown}
 A - a potion of heal wounds {unknown}
 D - a potion of degeneration {unknown}
 E - a potion of brilliance {unknown}
 H - a potion of cancellation {unknown}
Books
 b - a book of Conjurations

   Spells                             Type                      Level
   a - Magic Dart                     Conjuration                  1
   b - Searing Ray                    Conjuration                  2
   c - Dazzling Spray                 Conjuration/Hexes            3
   d - Fulminant Prism                Conjuration/Hexes            4
   e - Iskenderun's Mystic Blast      Conjuration                  4
   f - Iskenderun's Battlesphere      Conjuration/Charms           5
Comestibles
 c - 3 bread rations
 f - 2 meat rations
 K - 2 beef jerkies


   Skills:
 + Level 0.4 Fighting
 + Level 0.6 Short Blades
 + Level 4.0 Dodging
 + Level 4.1 Stealth
 + Level 8.8 Spellcasting
 + Level 9.0 Conjurations
 + Level 1.5 Hexes
 + Level 0.2 Ice Magic
 + Level 1.3 Air Magic


You had 18 spell levels left.
You knew the following spells:

 Your Spells              Type           Power        Failure   Level  Hunger
a - Magic Dart            Conj           ####         1%          1    None
b - Dazzling Spray        Conj/Hex       ####....     2%          3    None
c - Shock                 Conj/Air       ####         1%          1    None
d - Freeze                Ice            ##..         10%         1    None


Dungeon Overview and Level Annotations

Branches:
Dungeon (6/15)             Temple (1/1) D:4

Altars:
Ashenzari
Cheibriados
Elyvilon
Fedhas
Makhleb
Qazlal
Ru
Sif Muna
Trog
Vehumet
Xom
Yredelemnul
The Shining One

Annotations:
D:6 Prince Ribbit


Message History

Aim: Prince Ribbit (severely wounded)
The zap hits Prince Ribbit.
Prince Ribbit is almost dead.
The orc warrior shouts!
The orc warrior moves out of view.
An orc comes into view.
Casting: Shock
Confirm with . or Enter, or press ? or * to list all spells.
Aiming: Shock
Press: ? - help, Shift-Dir - straight line, f/p - Prince Ribbit
Aim: Prince Ribbit (almost dead)
The zap hits Prince Ribbit.
Prince Ribbit is almost dead.
Prince Ribbit disappears!
A quokka and an orc come into view.
The two-headed ogre hits you with a giant club!
* * * LOW HITPOINT WARNING * * *
The two-headed ogre closely misses you.
The orc warrior hits you from afar with a halberd of freezing!!
You die...

,,#...## #....#*##..#* *#..<...
,,.....####...####...# ##..)...
,...............##..#* #.......
****#...............# #.......
#...###)........# ##..))...
##..#####.......## ##....†...
#.....###........####........#
####............................#
..............O.@........####...#
..............o.......#### ###..
####..........o........# *..
#........(.#######..# ***#.
##...#....## #..#*****,,,,
#........## ##..,,,,,,,,,
#.........## *...,,,,,,,,
*#..........#* *...***,,,,, *
*#...##.......#* *...#**,,,,,


You could see a two-headed ogre, an orc warrior and an orc.

Vanquished Creatures
  Sigmund (D:3)
  Menkaure (Ossuary)
  3 ogres
  An orc warrior (D:6)
  2 centaurs
  A hound (D:4)
  A crimson imp (D:5)
  An iguana (D:4)
  4 orc wizards
  5 worker ants
  A hound zombie (D:5)
  A hound skeleton (D:5)
  3 mummies
  Robin (D:2)
  A gnoll (D:1)
  14 adders
  An ooze (D:1)
  An adder skeleton (D:6)
  5 worms
  5 giant geckos
  12 orcs
  8 bats
  A bat skeleton (D:5)
  A bat zombie (D:5)
  8 giant cockroaches
  19 goblins
  15 hobgoblins
  3 jackals (D:1)
  12 kobolds
  4 quokkas
  3 ball pythons
  A ball python skeleton (D:4)
  A giant gecko skeleton (D:4)
  6 giant newts
  5 gnoll skeletons (Ossuary)
  A gnoll zombie (Ossuary)
  A goblin skeleton (Ossuary)
  2 hobgoblin skeletons (Ossuary)
  3 hobgoblin zombies (Ossuary)
  2 kobold skeletons (Ossuary)
  3 kobold zombies (Ossuary)
  An orc skeleton (Ossuary)
  3 orc zombies (Ossuary)
  17 rats
  A rat skeleton (Ossuary)
  4 rat zombies (Ossuary)
190 creatures vanquished.

Vanquished Creatures (others)
  A mummy (Ossuary)
  A quokka (D:5)
  2 gnoll zombies (Ossuary)
  A goblin skeleton (Ossuary)
  3 hobgoblin skeletons (Ossuary)
  4 hobgoblin zombies (Ossuary)
  5 kobold skeletons (Ossuary)
  2 kobold zombies (Ossuary)
  2 orc skeletons (Ossuary)
  An orc zombie (Ossuary)
  2 rat skeletons (Ossuary)
  2 rat zombies (Ossuary)
26 creatures vanquished.

Grand Total: 216 creatures vanquished

Notes
Turn   | Place    | Note
--------------------------------------------------------------
     0 | D:1      | EvilTwin, the Deep Elf Conjurer, began the quest for the Orb.
     0 | D:1      | Reached XP level 1. HP: 10/10 MP: 6/6
    92 | D:1      | Reached XP level 2. HP: 12/15 MP: 0/8
   254 | D:1      | Reached skill level 5 in Conjurations
   419 | D:1      | Reached XP level 3. HP: 19/19 MP: 7/9
   625 | D:1      | Learned a level 3 spell: Dazzling Spray
  1156 | D:2      | Reached XP level 4. HP: 24/24 MP: 4/11
  1794 | D:3      | Noticed Sigmund
  1960 | D:3      | Reached XP level 5. HP: 28/28 MP: 11/13
  2109 | D:3      | Noticed Robin
  2165 | D:2      | Killed Robin
  2165 | D:2      | Reached skill level 6 in Conjurations
  2392 | D:3      | Killed Sigmund
  2392 | D:3      | Reached skill level 5 in Spellcasting
  2392 | D:3      | Reached XP level 6. HP: 32/32 MP: 0/16
  2595 | D:3      | Reached skill level 7 in Conjurations
  2865 | D:4      | Found a staircase to the Ecumenical Temple.
  2947 | D:4      | Reached XP level 7. HP: 27/36 MP: 4/17
  3400 | D:4      | Reached skill level 1 in Hexes
  3644 | Temple   | Entered the Ecumenical Temple
  3728 | Temple   | Became a worshipper of Vehumet
  4169 | D:5      | Entered Level 5 of the Dungeon
  4301 | D:5      | Found a sand-covered staircase.
  4313 | Ossuary  | Entered an ossuary
  4395 | Ossuary  | Acquired Vehumet's first power
  4395 | Ossuary  | Offered knowledge of Shock by Vehumet.
  4402 | Ossuary  | Learned a level 1 spell: Shock
  4696 | Ossuary  | Noticed Menkaure
  4699 | Ossuary  | Killed Menkaure
  4699 | Ossuary  | Reached skill level 8 in Conjurations
  5076 | D:5      | Found a white marble altar of Elyvilon.
  5091 | D:5      | Offered knowledge of Freeze by Vehumet.
  5103 | D:5      | Learned a level 1 spell: Freeze
  5157 | D:5      | Reached XP level 8. HP: 7/42 MP: 3/21
  5492 | D:5      | Reached skill level 1 in Air Magic
  6127 | D:6      | Noticed Prince Ribbit
  6160 | D:6      | Reached skill level 9 in Conjurations
  6165 | D:6      | Noticed a two-headed ogre
  6180 | D:6      | Mangled by an orc warrior

Action                   |  1- 3 |  4- 6 |  7- 9 || total
-------------------------+-------+-------+-------++-------
Melee: Unarmed           |     3 |       |       ||     3
       Dagger            |       |    12 |     9 ||    21
 Cast: Magic Dart        |    79 |   139 |   121 ||   339
       Dazzling Spray    |       |     8 |    31 ||    39
       Shock             |       |       |    81 ||    81
       Freeze            |       |       |     5 ||     5
Evoke: Wand              |       |       |     2 ||     2
  Use: Scroll            |     2 |     1 |    11 ||    14
 Stab: Invisible         |       |     1 |       ||     1
  Eat: Chunk             |       |     2 |       ||     2
       Meat ration       |       |     1 |     1 ||     2
       Royal jelly       |       |       |     1 ||     1
       Pizza             |       |       |     1 ||     1
       Beef jerky        |       |       |     1 ||     1
